 Dungeon Crawl Stone Soup version 0.21.1-1-g345015f (webtiles) character file.

475 Maskull the Ruffian (level 6, -7/61 HPs)
             Began as a Troll Monk on Apr 23, 2018.
             Was a Believer of Okawaru.
             Mangled by Duvessa
             ... wielding a +2 short sword of venom
              (10 damage)
             ... on level 4 of the Dungeon.
             The game lasted 00:06:39 (2986 turns).

Maskull the Ruffian (Troll Monk)                    Turns: 2986, Time: 00:06:40

Health: -7/61      AC:  5    Str: 22    XL:     6   Next: 84%
Magic:  5/5        EV: 11    Int:  6    God:    Okawaru [**....]
Gold:   198        SH:  0    Dex: 12    Spells: 5/5 levels left

rFire    + . .     SeeInvis .     - Unarmed
rCold    . . .     Gourm    +   (no shield)
rNeg     . . .     Faith    +   a - +0 robe
rPois    .         Spirit   .   (helmet restricted)
rElec    .         Reflect  .   (no cloak)
rCorr    .         Harm     .   (gloves unavailable)
MR       .....                  (boots unavailable)
Stlth    ++........             i - amulet of faith
HPRegen  0.60/turn              c - ring of protection from fire
MPRegen  0.09/turn              (no ring)

@: lethally poisoned (-7 -> -52), hasted, very quick
A: large, unfitting armour, claws 3, fast metabolism 3, gourmand, regeneration
1, shaggy fur 1, tough skin 2
a: Heroism, Renounce Religion


You were on level 4 of the Dungeon.
You worshipped Okawaru.
Okawaru was pleased with you.
You were not hungry.

You visited 2 branches of the dungeon, and saw 6 of its levels.

You collected 198 gold pieces.

Inventory:

Armour
 a - a +0 robe (worn)
Jewellery
 c - a ring of protection from fire (left claw)
 i - an amulet of faith (around neck)
 o - the ring "Baamoc" {*Tele rPois rN+ Int-4 Stlth+, unknown}
   (You found it on level 4 of the Dungeon)

   [ring of teleportation]

   It may teleport you next to monsters.
   It affects your intelligence (-4).
   It protects you from poison.
   It protects you from negative energy.
   It makes you more stealthy.
Wands
 q - a wand of flame (6)
Scrolls
 d - 2 scrolls of blinking
 g - a scroll of enchant weapon
 h - 3 scrolls of remove curse
 m - 2 scrolls of identify
 p - a scroll of teleportation
Potions
 f - a potion of magic
 l - a potion of ambrosia
Books
 j - a book of Necromancy

   Spells                             Type                      Level
   a - Pain                           Necromancy                   1
   b - Animate Skeleton               Necromancy                   1
   c - Vampiric Draining              Necromancy                   3
   d - Regeneration                   Charms/Necromancy            3
   e - Animate Dead                   Necromancy                   4
   f - Borgnjor's Vile Clutch         Necromancy/Earth             5
Comestibles
 b - 12 rations
 r - 4 chunks of flesh


   Skills:
 + Level 3.0 Fighting
 + Level 3.7 Dodging
 - Level 1.4 Stealth
 + Level 6.3 Unarmed Combat


You had 5 spell levels left.
You didn't know any spells.

Dungeon Overview and Level Annotations

Branches:
Dungeon (5/15)             Temple (1/1) D:4

Altars:
Cheibriados
Gozag
Makhleb
Nemelex Xobeh
Okawaru
Ru
Trog
Vehumet
Wu Jian
Yredelemnul
Zin

Annotations:
D:4 Duvessa


Innate Abilities, Weirdness & Mutations

You are too large for most types of armour.
You have claws for hands.
Your metabolism is lightning-fast.
You like to eat raw meat.
Your natural rate of healing is unusually fast.
You are covered in fur. (AC +1)
You have very tough skin. (AC +2)


Message History

You feel very sick.
Duvessa hits you with a short sword of venom.
Duvessa hits you with a short sword of venom!
You barely miss Duvessa. Your claw misses Duvessa.
Duvessa is heavily wounded.
You feel very sick.
Duvessa hits you with a short sword of venom!
You are more poisoned.
You mangle Duvessa!!
Duvessa is severely wounded.
* * * LOW HITPOINT WARNING * * *
You feel very sick.
Duvessa hits you with a short sword of venom!
* * * LOW HITPOINT WARNING * * *
You are more poisoned.
You feel yourself speed up.
* * * LOW HITPOINT WARNING * * *
You feel very sick.
Duvessa hits you with a short sword of venom!
You die...

########
#####......################
...........)...............
........?e@....)...........
#####......#########....###
#......# #...<# #......#
#....# #[.....# #....#
######## #....# ###########
#.......... #..........


You could see Duvessa (berserk).

Vanquished Creatures
  The ghost of azzavlup the Slasher, an amateur VSFi (D:3)
  Dowan (D:4)
  2 crimson imps
  3 orc priests (D:3)
  An orc wizard (D:3)
  A hound zombie (D:2)
  4 gnolls (D:3)
  A howler monkey skeleton (D:4)
  An adder (D:3)
  2 worms
  4 dart slugs
  2 leopard geckos (D:3)
  7 orcs (D:3)
  4 giant cockroaches
  7 goblins
  7 hobgoblins
  10 jackals (D:2)
  3 quokkas
  11 bats
  7 frilled lizards
  7 kobolds
  A quokka skeleton (D:4)
  6 rats
93 creatures vanquished.

Notes
Turn   | Place    | Note
-------+----------+-------------------------------------------
     0 | D:1      | Maskull the Troll Monk began the quest for the Orb.
     0 | D:1      | Reached XP level 1. HP: 22/22 MP: 0/0
   118 | D:1      | Reached XP level 2. HP: 27/29 MP: 1/1
   754 | D:2      | Reached XP level 3. HP: 36/36 MP: 2/2
  1130 | D:2      | Reached skill level 4 in Unarmed Combat
  1180 | D:2      | Reached XP level 4. HP: 44/44 MP: 3/3
  1478 | D:3      | Reached XP level 5. HP: 30/50 MP: 4/4
  1647 | D:3      | Reached skill level 5 in Unarmed Combat
  1818 | D:3      | Found a glowing silver altar of Zin.
  1830 | D:3      | Found a burning altar of Makhleb.
  1830 | D:3      | Found an ornate altar of the Wu Jian Council.
  1830 | D:3      | Noticed azzavlup's ghost (amateur VSFi)
  1851 | D:3      | Killed azzavlup's ghost
  1851 | D:3      | Reached XP level 6. HP: 32/59 MP: 5/5
  2591 | D:4      | Found a sparkling altar of Nemelex Xobeh.
  2598 | D:4      | Reached skill level 6 in Unarmed Combat
  2667 | D:4      | Got a flickering ivory ring
  2670 | D:4      | Found a staircase to the Ecumenical Temple.
  2678 | Temple   | Entered the Ecumenical Temple
  2697 | Temple   | Became a worshipper of Warmaster Okawaru
  2697 | Temple   | Reached * piety under Okawaru
  2697 | Temple   | Reached ** piety under Okawaru
  2725 | D:5      | Entered Level 5 of the Dungeon
  2933 | D:4      | Noticed Dowan
  2934 | D:4      | Noticed Duvessa
  2966 | D:4      | Killed Dowan
  2986 | D:4      | HP: 3/61 [poisoned by Duvessa]
  2986 | D:4      | Mangled by Duvessa

Skill      XL: |  1  2  3  4  5  6 |
---------------+-------------------+-----
Dodging        | 3 |  3.7
Unarmed Combat | 4 5 6 |  6.3
Fighting       | 3 |  3.0
Stealth        | |  1.4

Action                   |  1- 3 |  4- 6 || total
-------------------------+-------+-------++-------
Melee: Unarmed           |   110 |   144 ||   254
       Punch             |     1 |     2 ||     3
  Use: Scroll            |     4 |     8 ||    12
       Potion            |       |     7 ||     7
 Stab: Sleeping          |     4 |     3 ||     7
  Eat: Chunk             |    13 |    12 ||    25
Armor: Robe              |    64 |    31 ||    95
Dodge: Dodged            |    85 |    71 ||   156
